 Dungeon Crawl Stone Soup version 0.17.0-28-g6e173f8 (webtiles) character file.

606 kosy22 the Shield-Bearer (level 7, -2/61 HPs)
             Began as a Hill Orc Fighter on Nov 29, 2015.
             Was a Follower of Beogh.
             Slain by a killer bee zombie (5 damage)
             ... on level 5 of the Dungeon.
             The game lasted 00:08:55 (3610 turns).

kosy22 the Shield-Bearer (Hill Orc Fighter)         Turns: 3610, Time: 00:08:55

Health: -2/61      AC: 14    Str: 21    XL:     7   Next: 42%
Magic:  7/7        EV:  5    Int:  8    God:    Beogh [*.....]
Gold:   332        SH: 11    Dex: 10    Spells: 0 memorised, 6 levels left

rFire  . . .     SeeInvis .     a - +0 war axe
rCold  . . .     Clarity  .     m - +0 plate armour
rNeg   . . .     SustAt   .     c - +0 shield
rPois  .         Gourm    .     (no helmet)
rElec  .         Spirit   .     r - +0 cloak
rCorr  .         Warding  .     (no gloves)
rMut   .         Stasis   .     (no boots)
MR     .....                    (no amulet)
Stlth  ..........               (no ring)
                                (no ring)

@: not resistant to hostile enchantments, extremely unstealthy
A: no striking features
a: Renounce Religion


You were on level 5 of the Dungeon.
You worshipped Beogh.
Beogh was aware of your devotion.
You were not hungry.

You visited 1 branch of the dungeon, and saw 5 of its levels.

You collected 332 gold pieces.

Inventory:

Hand Weapons
 a - a +0 war axe (weapon)
Armour
 b - a +0 scale mail
 c - a +0 shield (worn)
 m - a +0 plate armour (worn)
 r - a +0 cloak (worn)
Jewellery
 l - a +3 ring of protection {unknown}
Scrolls
 g - 3 scrolls of remove curse {unknown}
 j - 2 scrolls of recharging {unknown}
 k - 4 scrolls of identify {unknown}
 p - 2 scrolls of magic mapping {unknown}
 v - 2 scrolls of blinking {unknown}
Potions
 d - a potion of might
 h - 3 potions of brilliance {unknown}
 n - 2 potions of curing {unknown}
 o - a potion of cure mutation {unknown}
 q - a potion of agility {unknown}
 s - a potion of resistance {unknown}
 t - a potion of beneficial mutation {unknown}
 x - 2 potions of flight {unknown}
 z - 2 potions of invisibility {unknown}
Books
 w - a book of Conjurations

   Spells                             Type                      Level
   a - Magic Dart                     Conjuration                  1
   b - Searing Ray                    Conjuration                  2
   c - Dazzling Spray                 Conjuration/Hexes            3
   d - Fulminant Prism                Conjuration/Hexes            4
   e - Iskenderun's Mystic Blast      Conjuration                  4
   f - Iskenderun's Battlesphere      Conjuration/Charms           5
Comestibles
 e - 4 bread rations
 f - 3 meat rations
 i - a fruit
 u - a beef jerky


   Skills:
 + Level 5.0 Fighting
 + Level 5.4 Axes
 + Level 0.1 Throwing
 + Level 4.9 Armour
 + Level 1.1 Dodging
 + Level 6.2 Shields


You had 6 spell levels left.
You didn't know any spells.

Dungeon Overview and Level Annotations

Branches:
Dungeon (5/15)
 Temple: D:4-7

Altars:


Message History

The ogre is lightly wounded.
You block the ogre's attack.
You slash the ogre!
The ogre is moderately wounded.
You block the ogre's attack.
Your shield and plate armour prevent you from hitting the ogre.
The ogre is moderately wounded.
You block the ogre's attack.
You hit the ogre.
The ogre is heavily wounded.
The ogre hits you with a giant club!
* * * LOW HITPOINT WARNING * * *
A killer bee zombie comes into view.
The ogre hits you with a giant club!
* * * LOW HITPOINT WARNING * * *
The killer bee zombie hits you.
* * * LOW HITPOINT WARNING * * *
The killer bee zombie hits you but does no damage.
The killer bee zombie hits you.
You die...

# ##........... ##
##............. .#
#.............. .#
#####.............. .#
#.........$.......
)#####.###......>....###.#
.......# #.........#.##.(##
..†##### ##...O.Z.##..#...###
# ##....######....@.#
.......##.#
###.......######..###.........
##.......## #...#......#
#.........########........#
###.....................<...#
............#########.......#
............##......).)...###
...............##..###)...#
.........................##


You could see an ogre and a killer bee zombie.

Vanquished Creatures
  2 phantoms
  A hound (D:4)
  An orc priest (D:3)
  A giant frog skeleton (D:4)
  A giant frog zombie (D:4)
  3 iguanas
  2 orc wizards
  2 worker ants (D:4)
  4 adders
  A shadow imp (D:5)
  An ooze (D:2)
  2 worms
  4 giant geckos
  9 orcs
  6 bats
  2 giant cockroaches
  9 hobgoblins
  6 jackals
  3 quokkas
  6 giant newts
  9 goblins
  11 kobolds
  A quokka zombie (D:5)
  10 rats
97 creatures vanquished.

Vanquished Creatures (others)
  An adder (D:3)
  A bat (D:3)
  A giant newt (D:3)
3 creatures vanquished.

Grand Total: 100 creatures vanquished

Notes
Turn   | Place    | Note
--------------------------------------------------------------
     0 | D:1      | kosy22 the Hill Orc Fighter began the quest for the Orb.
     0 | D:1      | Reached XP level 1. HP: 19/19 MP: 1/1
   292 | D:1      | Reached XP level 2. HP: 26/26 MP: 2/2
   526 | D:1      | Reached skill level 4 in Shields
   935 | D:1      | Reached XP level 3. HP: 26/33 MP: 3/3
  1468 | D:2      | Reached XP level 4. HP: 31/40 MP: 4/4
  2063 | D:3      | Became a worshipper of Beogh the Brigand
  2195 | D:3      | Noticed a phantom
  2277 | D:3      | Killed a phantom
  2277 | D:3      | Reached XP level 5. HP: 24/46 MP: 5/5
  2496 | D:3      | Reached skill level 5 in Shields
  2502 | D:3      | Reached XP level 6. HP: 32/53 MP: 6/6
  2890 | D:4      | Reached skill level 1 in Dodging
  2949 | D:4      | Reached skill level 5 in Axes
  2977 | D:4      | Reached * piety under Beogh
  2977 | D:4      | Reached XP level 7. HP: 52/60 MP: 7/7
  3082 | D:4      | Reached skill level 5 in Fighting
  3082 | D:4      | Reached skill level 6 in Shields
  3404 | D:5      | Entered Level 5 of the Dungeon
  3606 | D:5      | HP: 3/61 [ogre/giant club (15)]
  3610 | D:5      | Slain by a killer bee zombie

Action                   |  1- 3 |  4- 6 |  7- 9 || total
-------------------------+-------+-------+-------++-------
Melee: War axe           |   135 |   150 |    80 ||   365
Throw: Stone             |    13 |       |       ||    13
Invok: Convert to Beogh  |       |     1 |       ||     1
  Eat: Meat ration       |     1 |       |       ||     1
       Bread ration      |       |     1 |       ||     1
